 Dungeon Crawl Stone Soup version 0.29.0-4-gdea44cf6ec (webtiles) character file.

Game seed: 1362497976071730607

32 qw the Chopper (level 3, 0/21 HPs)
             Began as a Tengu Warper on Aug 28, 2022.
             Slain by a gnoll
             ... wielding a +0 spear
              (5 damage)
             ... on level 2 of the Dungeon.
             The game lasted 00:00:07 (966 turns).

qw the Chopper (Tengu Warper)                        Turns: 966, Time: 00:00:08

Health: 0/21       AC:  3    Str: 13    XL:     3   Next: 27%
Magic:  7/7        EV: 12    Int: 13    God:
Gold:   42         SH:  0    Dex: 13    Spells: 6/6 levels left

rFire   x . .      SeeInvis .   Y - +0 hand axe
rCold   + . .      Faith    .   (no shield)
rNeg    . . .      Spirit   .   b - +0 leather armour
rPois   .          Reflect  .   (helmet restricted)
rElec   .          Harm     .   (no cloak)
rCorr   +          Rampage  .   (no gloves)
Will    .....                   (boots unavailable)
Stlth   +.........              (no amulet)
HPRegen 0.07/turn               a - ring of Tikor {Ice rCorr}
MPRegen 0.10/turn               (no ring)

@: no status effects
A: beak, talons 3
a: no special abilities


You were on level 2 of the Dungeon.
You visited 1 branch of the dungeon, and saw 2 of its levels.

You collected 42 gold pieces.


Innate Abilities, Weirdness & Mutations

You have a beak for a mouth.
You have claws for feet.


   Skills:
 - Level 2.0 Fighting
 + Level 4.0 Axes
 - Level 1.0 Throwing
 - Level 1.1 Armour
 - Level 2.1 Dodging
 - Level 2.0 Spellcasting
 - Level 2.4 Translocations


You had 6 spell levels left.
You didn't know any spells.
Your spell library contained the following spells:

 Spells                   Type           Power      Damage    Failure   Level
 Blink                    Tloc           14%        N/A       19%         2
 Gell's Gravitas          Tloc           7%         N/A       36%         3
 Lesser Beckoning         Tloc           7%         N/A       36%         3
 Teleport Other           Tloc           7%         N/A       36%         3
 Manifold Assault         Tloc           7%         N/A       98%         5

Inventory:

Hand Weapons
 h - a +0 whip
 Y - a +0 hand axe (weapon)
Missiles
 g - 5 boomerangs (quivered)
Armour
 b - a +0 leather armour (worn)
Jewellery
 a - the ring of Tikor (left hand) {Ice rCorr}
   (You acquired it on level 1 of the Dungeon)

   [ring of ice]

   It enhances your ice magic.
   rF:        It makes you vulnerable to fire.
   rC:        It protects you from cold.
   rCorr:     It protects you from acid and corrosion.
Potions
 e - a potion of haste {unknown}
 f - a potion of lignification {unknown}
 k - a potion of might {unknown}
 l - a potion of flight {unknown}

Dungeon Overview and Level Annotations

Branches:
Dungeon (2/15)

Altars:


Message History

You kill the kobold!
Things that are here:
a +0 short sword; 4 stones; a kobold corpse A gnoll comes into view.
It is wielding a +0 flail of holy wrath.
Found 2 poisoned darts.
The gnoll shouts!
Throw: 5 boomerangs
Press: ? - help, Q - select action Shift-Dir - straight line, f - gnoll You throw a boomerang.
The boomerang hits the gnoll.
The gnoll is lightly wounded.
Throw: 5 boomerangs
Press: ? - help, Q - select action Shift-Dir - straight line, f/p - gnoll You throw a boomerang.
The boomerang closely misses the gnoll.
A gnoll comes into view. It is wielding a +0 spear.
958 ||| Stepping ~*~*~tactically~*~*~ (hiding).
Things that are here:
a +0 short sword; 4 stones; a kobold corpse You start waiting.
A gnoll is nearby!
You barely miss the gnoll.
The gnoll is lightly wounded.
The gnoll closely misses you.
You hit the gnoll. You peck the gnoll.
The gnoll is heavily wounded.
The gnoll hits you with a +0 flail of holy wrath.
You hit the gnoll. Your kick misses the gnoll.
The gnoll is severely wounded.
The gnoll hits you with a +0 flail of holy wrath!
You barely miss the gnoll.
The gnoll is severely wounded.
The gnoll misses you.
The gnoll hits you from afar with a +0 spear.
You hit the gnoll. Your peck misses the gnoll.
The gnoll is severely wounded.
The gnoll closely misses you. x2
You hit the gnoll. You peck the gnoll, but do no damage.
The gnoll is almost dead.
The gnoll closely misses you.
The gnoll hits you from afar with a +0 spear.
You die...

### #.. #.. #.# #.#
#.# #.# #.# #.# #.#
#.# #.########## #
#)# #.##.g(g...g #.
#<# ##.##g# #.#.##
#...#@######
#...####..........#
##......%....####.#
#...##########
#...## #.#..#
###..# #..# #..#


You could see 2 gnolls.

Vanquished Creatures
  A dart slug (D:1)
  A bat (D:1)
  2 endoplasms (D:1)
  A goblin (D:1)
  3 hobgoblins (D:1)
  3 jackals (D:1)
  2 quokkas
  5 ball pythons (D:1)
  A frilled lizard (D:1)
  7 kobolds
  A rat (D:1)
27 creatures vanquished.

Notes
Turn   | Place    | Note
-------+----------+-------------------------------------------
     0 | D:1      | qw the Tengu Warper began the quest for the Orb.
     0 | D:1      | Reached XP level 1. HP: 12/12 MP: 4/4
     0 | D:1      | 0 ||| qw: Version: 0.1-a-89-g26bdef1
     0 | D:1      | 0 ||| qw: Game counter: 1378
     0 | D:1      | 0 ||| qw: Always use a shield: true
     0 | D:1      | 0 ||| qw: God list: Okawaru
     0 | D:1      | 0 ||| qw: Allow faded altars: false
     0 | D:1      | 0 ||| qw: Do Orc after D:15 true
     0 | D:1      | 0 ||| qw: Do second Lair branch before Depths: true
     0 | D:1      | 0 ||| qw: Lair rune preference: random
     0 | D:1      | 0 ||| qw: Plans: Normal
     0 | D:1      | 0 ||| PLANNING D:1-11
    81 | D:1      | Reached skill level 3 in Axes
    81 | D:1      | Reached XP level 2. HP: 17/17 MP: 6/6
   136 | D:1      | 136 ||| DROPPING +0 club.
   242 | D:1      | 242 ||| Stepping ~*~*~tactically~*~*~ (hiding).
   323 | D:1      | 323 ||| Stepping ~*~*~tactically~*~*~ (stealth).
   326 | D:1      | 326 ||| Stepping ~*~*~tactically~*~*~ (stealth).
   327 | D:1      | 327 ||| Stepping ~*~*~tactically~*~*~ (stealth).
   334 | D:1      | 334 ||| Stepping ~*~*~tactically~*~*~ (stealth).
   398 | D:1      | Reached XP level 3. HP: 17/21 MP: 7/7
   804 | D:1      | 804 ||| READING scroll labelled YROACHELEO.
   805 | D:1      | 805 ||| READING scroll labelled HOXUNA QEXT.
   806 | D:1      | 806 ||| READING scroll labelled WIUQIS LUXUTI.
   807 | D:1      | 807 ||| READING scroll labelled VUVUYLEFIC.
   807 | D:1      | Identified a scroll of acquirement
   807 | D:1      | 807 ||| ACQUIRING ring of Tikor {Ice rCorr}
   807 | D:1      | Acquired the ring of Tikor {Ice rCorr}
   809 | D:1      | 809 ||| UPGRADING to ring of Tikor {Ice rCorr}.
   810 | D:1      | 810 ||| DROPPING scroll of blinking.
   843 | D:2      | 843 ||| STAIRDANCE
   849 | D:2      | 849 ||| STAIRDANCE
   856 | D:2      | 856 ||| STAIRDANCE
   928 | D:2      | 928 ||| Stepping ~*~*~tactically~*~*~ (stealth).
   930 | D:2      | 930 ||| Stepping ~*~*~tactically~*~*~ (stealth).
   943 | D:2      | Reached skill level 4 in Axes
   958 | D:2      | 958 ||| Stepping ~*~*~tactically~*~*~ (hiding).
   964 | D:2      | HP: 5/21 [gnoll/+0 spear (4)]
   966 | D:2      | Slain by a gnoll

Levels and vault maps discovered:
D:1:      co_arrival_random_square_maze, layout_rooms, nicolae_eternal_life,
          minmay_misc_feat_cross, minivault_19
D:2:      layout_loops_ring

Skill      XL: |  1  2  3 |
---------------+----------+-----
Axes           | 3 4 |  4.0
Fighting       | |  2.0
Throwing       | |  1.0
Armour         | |  1.1
Dodging        | |  2.1
Spellcasting   | |  2.0
Translocations | |  2.4

Action                   || total
-------------------------++-------
Melee: Hand axe          ||    45
       Kick              ||     8
       Peck              ||     5
Throw: Boomerang         ||    39
  Use: Scroll            ||     4
Armor: Leather armour    ||     9
Dodge: Dodged            ||    35

Table legend:
 A = Non-vault XP
 B = Vault XP
 C = Vault XP percentage of total XP
 D = Non-vault monster count
 E = Vault monster count
 F = Vault count percentage of total count
                 A         B        C        D         E       F
            +---------+---------+-------+---------+---------+-------
      Total |      47 |       0 |   0.0 |      27 |       0 |   0.0
            +---------+---------+-------+---------+---------+-------
        D:1 |      42 |       0 |   0.0 |      24 |       0 |   0.0
        D:2 |       5 |       0 |   0.0 |       3 |       0 |   0.0
            +---------+---------+-------+---------+---------+-------
